 Dungeon Crawl Stone Soup version 0.29.1-13-g9f3cf754e1 (webtiles) character file.

Game seed: 6254501955732326574

206 Poussin the Magician (level 5, 0/37 HPs)
             Began as a Mummy Summoner on Jan 19, 2023.
             Slain by a hobgoblin (6 damage)
             ... led by Robin
             ... on level 3 of the Dungeon.
             The game lasted 00:15:41 (4100 turns).

Poussin the Magician (Mummy Summoner)               Turns: 4100, Time: 00:15:42

Health: 0/37       AC:  2    Str: 12    XL:     5   Next: 53%
Magic:  7/11       EV: 10    Int: 16    God:
Gold:   147        SH:  7    Dex: 12    Spells: 12/13 levels left

rFire   x . .      SeeInvis .   g - +1 hand axe (flame)
rCold   + . .      Faith    .   h - +0 kite shield
rNeg    + + +      Spirit   .   a - +0 robe
rPois   ∞          Reflect  .   (no helmet)
rElec   .          Harm     .   (no cloak)
rCorr   .          Rampage  .   (no gloves)
Will    .....                   (no boots)
Stlth   ++........              i - amulet of regeneration
HPRegen 0.92/turn               (no ring)
MPRegen 0.12/turn               (no ring)

@: no status effects
A: cold resistance 1, negative energy resistance 3, torment resistance 2, heat
vulnerability 1, in touch with death 1, no potions
a: no special abilities


You were on level 3 of the Dungeon.
You visited 1 branch of the dungeon, and saw 4 of its levels.

You collected 147 gold pieces.

Inventory:

Hand Weapons
 g - a +1 hand axe of flaming (weapon)
Armour
 a - a +0 robe (worn)
 h - a +0 kite shield (worn)
Magical Staves
 f - a staff of cold
Jewellery
 i - an amulet of regeneration (around neck)
Scrolls
 b - 7 scrolls of identify {unknown}
 c - 2 scrolls of blinking {unknown}
 d - a scroll of noise {unknown}
 e - 3 scrolls of teleportation {unknown}
 j - a scroll of enchant armour {unknown}
 k - a scroll of enchant weapon {unknown}
 l - a scroll of poison {unknown}


   Skills:
 + Level 1.2 Fighting
 + Level 2.2 Dodging
 + Level 1.8 Stealth
 + Level 1.1 Shields
 - Level 0.8 Unarmed Combat
 + Level 4.5 Spellcasting
 + Level 4.0 Summonings


You had 12 spell levels left.
You knew the following spells:

 Your Spells              Type           Power      Damage    Failure   Level
a - Summon Small Mammal   Summ           64%        N/A       11%         1

Your spell library contained the following spells:

 Spells                   Type           Power      Damage    Failure   Level
 Call Imp                 Summ           16%        N/A       16%         2
 Call Canine Familiar     Summ           16%        N/A       30%         3
 Foxfire                  Conj/Fire      12%        2x1d4     50%         1
 Magic Dart               Conj           12%        1d3       50%         1
 Sandblast                Erth           6%         2d5       50%         1
 Shock                    Conj/Air       12%        1d3       50%         1
 Summon Guardian Golem    Hex/Summ       10%        N/A       56%         3
 Passwall                 Tmut/Erth      2%         N/A       63%         2
 Conjure Flame            Conj/Fire      3%         6-21      86%         3
 Ignite Poison            Fire/Tmut/Pois 3%         N/A       86%         3
 Mephitic Cloud           Conj/Pois/Air  3%         N/A       86%         3
 Stone Arrow              Conj/Erth      6%         3d7       86%         3
 Swiftness                Air            3%         N/A       86%         3
 Summon Lightning Spire   Summ/Air       10%        N/A       93%         4
 Airstrike                Air            1%         2d(1-17)  99%         4
 Freezing Cloud           Conj/Ice/Air   1%         6-21      100%        5


Dungeon Overview and Level Annotations

Branches:
Dungeon (4/15)
 Temple: D:4-7

Altars:
Gozag
Kikubaaqudgha

Annotations:
D:3 Robin


Innate Abilities, Weirdness & Mutations

You are immune to poison.
Your flesh is cold resistant. (rC+)
You are immune to negative energy. (rN+++)
You are immune to unholy pain and torment.
You are vulnerable to heat. (rF-)
You are in touch with the powers of death.
You do not drink.


Message History

The goblin hits you with a +0 dagger.
Robin roars a battlecry!
The goblins go into a battle-frenzy!
The goblin unwields a +0 sling.
The goblin wields a +0 club.
The goblin closely misses your bat.
Your bat hits the hobgoblin.
Your bat hits the hobgoblin but does no damage.
The goblin hits your bat with a +0 club.
Your bat dies!
Your bat's corpse disappears in a puff of smoke!
The goblin hits you with a +0 dagger. x2
* * * LOW HITPOINT WARNING * * *
You block the goblin's attack.
The goblin hits you with a +0 dagger of holy wrath.
* * * LOW HITPOINT WARNING * * *
You convulse.
* * * LOW HITPOINT WARNING * * *
Your quokka bites the goblin.
Your quokka closely misses the goblin.
The goblin barely misses you. The goblin hits you with a +0 dagger.
* * * LOW HITPOINT WARNING * * *
The goblin hits your quokka with a +0 dagger of holy wrath.
Your quokka bites the goblin.
The goblin dies!
The goblin completely misses your quokka.
The goblin attacks as you move away! You block the goblin's attack.
The goblin unwields a +0 club.
The goblin wields a +0 sling.
The goblin shoots a sling bullet.
The sling bullet barely misses your quokka.
The sling bullet misses you.
Your quokka barely misses the goblin.
The goblin barely misses your quokka. The goblin attacks as you move away!
You block the goblin's attack.
Your quokka closely misses the hobgoblin.
The goblin shoots a sling bullet.
The sling bullet barely misses your quokka.
The sling bullet misses the hobgoblin.
You block the sling bullet. Robin throws the goblin at you!
The goblin closely misses your quokka. You block the goblin's attack.
The goblin shoots a sling bullet.
You block the sling bullet. The hobgoblin hits you.
You die...

####### #########
......###......g######
..<)..).......g.@....###########
.........).!..gg...............#
##..##........r.########.......#
##.#####....)..############...#
###.### #....ggg)...#........###
#§...§# #........##..........#
#.....###..........##.......)#
..._............##..#..#>..######
#.....#.......#..##...###...##...


You could see Robin, a hobgoblin (strong), 5 goblins and a friendly quokka
(summoned).

Vanquished Creatures
  A hound (D:4)
  Terence (D:3)
  Natasha (twice) (D:3)
  An orc (D:3)
  3 bats
  An endoplasm (D:1)
  A giant cockroach (D:3)
  9 goblins
  4 hobgoblins
  3 quokkas
  4 ball pythons
  2 frilled lizards
  3 kobolds
  A rat (D:1)
36 creatures vanquished.

Vanquished Creatures (collateral kills)
  Natasha (D:3)
  An adder (D:2)
  A worm (D:1)
  4 orcs
  8 endoplasms
  2 goblins
  A hobgoblin (D:1)
  A quokka (D:2)
  3 ball pythons
  A kobold (D:1)
  A rat (D:1)
24 creatures vanquished.

Grand Total: 60 creatures vanquished

Notes
Turn   | Place    | Note
-------+----------+-------------------------------------------
     0 | D:1      | Poussin the Mummy Summoner began the quest for the Orb.
     0 | D:1      | Reached XP level 1. HP: 13/13 MP: 4/4
   339 | D:1      | Reached XP level 2. HP: 18/19 MP: 4/6
  1841 | D:2      | Gained mutation: You are in touch with the powers of death.
                  | [Mummy growth]
  1841 | D:2      | Reached XP level 3. HP: 22/24 MP: 7/7
  1867 | D:2      | Identified the +9 mace of Nodanuaq {venom, rPois rC++}
  2608 | D:3      | Noticed Robin
  2608 | D:3      | Noticed Natasha
  2608 | D:3      | Found an opulent altar of Gozag.
  2642 | D:3      | Found an ancient bone altar of Kikubaaqudgha.
  2885 | D:3      | Got the Handbook of Hurting
  3013 | D:4      | Reached XP level 4. HP: 23/31 MP: 7/9
  3299 | D:3      | Killed Natasha
  3451 | D:3      | Reached skill level 1 in Shields
  3475 | D:3      | Noticed Natasha
  3488 | D:3      | Killed Natasha
  3489 | D:3      | Reached skill level 1 in Fighting
  3489 | D:3      | Reached XP level 5. HP: 26/37 MP: 5/11
  3568 | D:3      | Found a faded altar of an unknown god.
  3568 | D:3      | Noticed Natasha
  3599 | D:3      | Killed Natasha
  3871 | D:3      | Noticed Terence
  3902 | D:3      | Killed Terence
  4100 | D:3      | Slain by a hobgoblin

Illustrated notes

Levels and vault maps discovered:
D:1:      matt_arrival_debris, layout_basic
D:2:      layout_basic
D:3:      layout_rooms, overflow_temple_1_default,
          nicolae_kikubaaqudgha_miasma_corner,
          shapermc_ecumenical_altar_totnotflames, solitary_fountain,
          uniq_terence, uniq_robin, uniq_natasha
D:4:      layout_gridville, minmay_temple_entry_enclosed_plants,
          gammafunk_ghost_necromancy, uniq_grinder

Skill      XL: |  1  2  3  4  5 |
---------------+----------------+-----
Spellcasting   | 3 4 |  4.5
Dodging        | 2 |  2.2
Shields        | 1 |  1.1
Fighting       | 1 |  1.2
Summonings     | 4 |  4.0
Stealth        | |  1.8
Unarmed Combat | |  0.8

Action                   |  1- 3 |  4- 6 || total
-------------------------+-------+-------++-------
Melee: Unarmed           |    61 |       ||    61
       Hand axe          |    47 |    47 ||    94
 Cast: Summon Small Mamm |    48 |    33 ||    81
 Stab: Sleeping          |     1 |       ||     1
       Distracted        |       |     1 ||     1
Armor: Robe              |    37 |    13 ||    50
Dodge: Dodged            |    94 |    24 ||   118
Block: Kite shield       |    22 |    29 ||    51
